 Dungeon Crawl Stone Soup version 0.28.0-45-g0d030f2227 (webtiles) character file.

Game seed: 5585791557970348815

672 thiscave3701365 the Cleaver (level 7, -1/85 HPs)
             Began as a Hill Orc Berserker on Apr 12, 2022.
             Was a Believer of Trog.
             Slain by a phantom (4 damage)
             ... on level 5 of the Dungeon.
             The game lasted 00:04:00 (5085 turns).

thiscave3701365 the Cleaver (Hill Orc Berserker)    Turns: 5085, Time: 00:04:04

Health: -1/85      AC: 10    Str: 22    XL:     7   Next: 59%
Magic:  7/7        EV:  6    Int:  7    God:    Trog [**....]
Gold:   114        SH:  0    Dex: 10    Spells: 6/6 levels left

rFire   . . .      SeeInvis .   a - +0 hand axe
rCold   . . .      Faith    .   h - orb {guile}
rNeg    . . .      Spirit   .   g - +0 plate armour
rPois   .          Reflect  .   (no helmet)
rElec   .          Harm     .   (no cloak)
rCorr   .          Rampage  .   (no gloves)
Will    .....                   (no boots)
Stlth   ..........              (no amulet)
HPRegen 0.24/turn               (no ring)
MPRegen 0.10/turn               (no ring)

@: berserking (expiring), lethally poisoned (-1 -> -20), lit by a corona,
glowing, very quick
A: no striking features
a: Renounce Religion, Berserk, Trog's Hand


You were on level 5 of the Dungeon.
You worshipped Trog.
Trog was pleased with you.
You visited 1 branch of the dungeon, and saw 5 of its levels.

You collected 114 gold pieces.

Inventory:

Hand Weapons
 a - a +0 hand axe (weapon)
Armour
 g - a +0 plate armour (worn)
 h - an orb of guile (worn)
Jewellery
 b - an amulet of reflection
Wands
 n - a wand of paralysis (4)
 p - a wand of mindburst (16)
Scrolls
 c - 2 scrolls of immolation {unknown}
 e - 4 scrolls of identify {unknown}
 j - 3 scrolls of enchant weapon {unknown}
 l - a scroll of noise {unknown}
 o - 3 scrolls of teleportation {unknown}
Potions
 d - a potion of degeneration {unknown}
 f - a potion of flight {unknown}
 i - a potion of curing {unknown}
 k - 2 potions of might {unknown}
 m - a potion of brilliance {unknown}


   Skills:
 - Level 3.6 Fighting
 + Level 11.2 Axes
 - Level 2.1 Armour
 - Level 1.5 Dodging


You had 6 spell levels left.
You didn't know any spells.
Your spell library was empty.

Dungeon Overview and Level Annotations

Branches:
Dungeon (5/15)
 Temple: D:4-7

Altars:


Message History

The gnoll is severely wounded.
You hit the sky beast.
You feel very sick.
The gnoll hits you with a +1 spear of venom!
You are lethally poisoned!
You hit the gnoll.
You kill the gnoll!
Trog accepts your kill.
You hit the sky beast but do no damage.
* * * LOW HITPOINT WARNING * * *
You feel very sick. The sky beast hits you.
* * * LOW HITPOINT WARNING * * *
The sky beast shocks you.
* * * LOW HITPOINT WARNING * * *
You closely miss the sky beast.
The sky beast is lightly wounded.
* * * LOW HITPOINT WARNING * * *
You feel very sick.
You slice the phantom!!
The phantom is severely damaged.
You slash the sky beast!
* * * LOW HITPOINT WARNING * * *
You feel sick.
The sky beast hits you but does no damage.
The phantom hits you but does no damage.
You hit the phantom but do no damage.
The phantom is heavily damaged.
You hit the sky beast.
* * * LOW HITPOINT WARNING * * *
You feel very sick.
Unknown command.
You barely miss the phantom.
The phantom is heavily damaged.
You hit the sky beast but do no damage.
* * * LOW HITPOINT WARNING * * *
You feel very sick.
The sky beast hits you but does no damage.
The phantom hits you.
You die...

...#### ......
.....#######
#.#.(......#
#.#.....##.#######
#.##>..........).#
#.##.......#..))..
##)##..#....#..###.
#W@)...#..#....# #.
......Y####.##.###.####.
####.#o #.#<.......... #
.. #.#.###......# ...
#.#........... .... ..##
##....... #.### ###
#....... #. #.......
#.#####.


You could see a phantom, a sky beast and an orc wizard.

Vanquished Creatures
  A necrophage (D:5)
  An ogre (D:5)
  A centaur (D:5)
  A scorpion (D:5)
  A jelly (D:5)
  A gnoll shaman (D:5)
  2 orc priests
  Natasha (thrice) (D:3)
  3 gnolls (D:5)
  2 river rats (D:3)
  6 adders
  2 adder skeletons
  A worm (D:2)
  2 dart slugs
  4 orcs
  7 ball pythons
  5 endoplasms
  3 giant cockroaches
  3 goblins
  3 hobgoblins (D:2)
  4 jackals (D:1)
  3 quokkas
  5 bats
  3 frilled lizards
  11 kobolds
  5 rats
83 creatures vanquished.

Vanquished Creatures (others)
  8 toadstools (D:4)
8 creatures vanquished.

Grand Total: 91 creatures vanquished

Notes
Turn   | Place    | Note
-------+----------+-------------------------------------------
     0 | D:1      | thiscave3701365 the Hill Orc Berserker began the quest for
                  | the Orb.
     0 | D:1      | Reached XP level 1. HP: 19/19 MP: 1/1
   422 | D:1      | Reached XP level 2. HP: 26/26 MP: 2/2
   431 | D:1      | Reached skill level 5 in Axes
  1082 | D:1      | Reached XP level 3. HP: 27/31 MP: 3/3
  1558 | D:2      | Reached skill level 6 in Axes
  1988 | D:2      | Reached ** piety under Trog
  2125 | D:2      | Reached XP level 4. HP: 39/39 MP: 4/4
  3348 | D:3      | Reached skill level 7 in Axes
  3477 | D:3      | Reached XP level 5. HP: 45/45 MP: 5/5
  3934 | D:3      | Noticed Natasha
  3944 | D:3      | Killed Natasha
  3945 | D:3      | Reached skill level 8 in Axes
  4067 | D:3      | Noticed Natasha
  4072 | D:3      | Killed Natasha
  4098 | D:3      | Noticed Natasha
  4104 | D:3      | Killed Natasha
  4105 | D:3      | Reached XP level 6. HP: 51/51 MP: 6/6
  4771 | D:5      | Entered Level 5 of the Dungeon
  4786 | D:5      | Reached skill level 9 in Axes
  4916 | D:5      | Noticed a necrophage
  4926 | D:5      | Killed a necrophage
  4927 | D:5      | Reached skill level 10 in Axes
  4927 | D:5      | Reached XP level 7. HP: 57/57 MP: 7/7
  5077 | D:5      | Reached skill level 11 in Axes
  5085 | D:5      | HP: 3/85 [poisoned by a gnoll]
  5085 | D:5      | Slain by a phantom

Illustrated notes

Levels and vault maps discovered:
D:1:      dpeg_arrival_renting, layout_basic, nicolae_figureground_pulse
D:2:      layout_loops_corners, grunt_decor_resistance,
          kennysheep_generic_room_6
D:3:      layout_loops_corners, gup_sewer_entry_spiral,
          hangedman_abyss_or_decor_lesser_grid, kennysheep_generic_room_10,
          uniq_natasha
D:4:      cheibrodos_fertilizer, layout_loops_cross, minmay_misc_feat_tiny
D:5:      minmay_general_purpose_star, layout_basic,
          minmay_temple_entry_proselytizer, nicolae_shop_dragon_depot,
          minmay_checkerbox

Skill      XL: |  1  2  3  4  5  6  7 |
---------------+----------------------+-----
Axes           | 5 6 7 8 10 11 | 11.2
Fighting       | |  3.6
Armour         | |  2.1
Dodging        | |  1.5

Action                   |  1- 3 |  4- 6 |  7- 9 || total
-------------------------+-------+-------+-------++-------
Melee: Hand axe          |    88 |   158 |    29 ||   275
Invok: Berserk           |     3 |     8 |     2 ||    13
Armor: Animal skin       |    16 |       |       ||    16
       Plate armour      |    25 |    87 |    12 ||   124
Dodge: Dodged            |    48 |    45 |     6 ||    99
